 Dungeon Crawl Stone Soup version 0.22-a0-79-g605b837 (console) character file.

524 minmay the Geomancer (level 7, 1/55 HPs)
             Began as a Naga Earth Elementalist on Jan 17, 2018.
             Quit the game on level 4 of the Dungeon.
             The game lasted 00:19:12 (4803 turns).

minmay the Geomancer (Naga Earth Elementalist)      Turns: 4803, Time: 00:19:13

Health: 1/55       AC:  4    Str: 10    XL:     7   Next: 22%
Magic:  10/10      EV:  9    Int: 18    God:
Gold:   183        SH:  0    Dex: 11    Spells: 0/10 levels left

rFire    . . .     SeeInvis +   a - +2 short sword (drain)
rCold    . . .     Gourm    .   (no shield)
rNeg     . . .     Faith    .   c - +0 robe
rPois    +         Spirit   .   (no helmet)
rElec    .         Reflect  .   (no cloak)
rCorr    .         Harm     .   i - +0 pair of gloves
MR       .....                  (no barding)
Stlth    ++........             (no amulet)
HPRegen  0.18/turn              (no ring)
MPRegen  0.12/turn              (no ring)

@: drained, very slow
A: large, see invisible, deformed body, poison resistance, slowness 2, slow
metabolism 1, spit poison 1, AC +2
a: Spit Poison


You were on level 4 of the Dungeon.
You were not hungry.

You visited 1 branch of the dungeon, and saw 4 of its levels.
You also visited: Sewer.

You collected 183 gold pieces.

Inventory:

Hand Weapons
 a - a +2 short sword of draining (weapon)
   (You took it off an orc on level 3 of the Dungeon)
 f - a +0 club
   (You took it off a goblin on level 1 of the Dungeon)
 h - a +0 hand axe
   (You found it on level 1 of the Dungeon)
 k - a +0 club
   (You took it off a hobgoblin on level 1 of the Dungeon)
 s - a +2 dagger of speed
   (You took it off an orc on level 3 of the Dungeon)
 u - a +0 hand crossbow
   (You took it off a kobold in a sewer)
 y - a +0 whip
   (You took it off a kobold in a sewer)
 D - a +0 quarterstaff
   (You found it on level 2 of the Dungeon)
Missiles
 b - 62 stones (quivered)
 v - 21 bolts
Armour
 c - a +0 robe (worn)
 i - a +0 pair of gloves (worn)
   (You found it on level 1 of the Dungeon)
Scrolls
 g - 3 scrolls of identify
 j - 4 scrolls of remove curse
 p - a scroll of immolation {unknown}
 q - 2 scrolls of fear {unknown}
 t - a scroll of blinking {unknown}
 z - a scroll of fog {unknown}
 B - 3 scrolls of magic mapping {unknown}
 C - 2 scrolls of teleportation {unknown}
Potions
 l - a potion of invisibility {unknown}
 m - a potion of agility {unknown}
 n - 2 potions of might {unknown}
 w - a potion of magic {unknown}
 A - a potion of heal wounds {unknown}
Books
 e - a book of Geomancy

   Spells                             Type                      Level
   a - Sandblast                      Earth                        1
   b - Passwall                       Transmutation/Earth          2
   c - Stone Arrow                    Conjuration/Earth            3
   d - Petrify                        Transmutation/Earth          4
   e - Lee's Rapid Deconstruction     Earth                        5
 o - a book of Cantrips
   (You found it on level 2 of the Dungeon)

   Spells                             Type                      Level
   a - Confusing Touch                Hexes                        1
   b - Animate Skeleton               Necromancy                   1
   c - Summon Small Mammal            Summoning                    1
   d - Apportation                    Translocation                1
Comestibles
 d - 3 rations


   Skills:
 - Level 1.5(1.2) Dodging
 - Level 3.0(2.6) Stealth
 - Level 2.0(1.6) Spellcasting
   Level 1.0(0.6) Transmutations
 + Level 8.0(7.7) Earth Magic


You couldn't memorise any spells.
You knew the following spells:

 Your Spells              Type           Power        Failure   Level  Hunger
a - Sandblast             Erth           ####..       1%          1    #......
d - Stone Arrow           Conj/Erth      ###...       12%         3    ###....
l - Lee's Rapid Deconstr  Erth           ####......   22%         5    ######.
s - Summon Small Mammal   Summ           #...         19%         1    #......


Dungeon Overview and Level Annotations

Branches:
Dungeon (4/15)
 Temple: D:4-7

Altars:
Fedhas
Nemelex Xobeh

Annotations:
D:4 Edmund; amavritansky's ghost, amateur MiFi


Innate Abilities, Weirdness & Mutations

You cannot wear boots.
Your serpentine skin is tough. (AC +2)
You have supernaturally acute eyesight. (SInv)
Armour fits poorly on your strangely shaped body.
Your system is resistant to poisons. (rPois)
You cover ground very slowly.
You have a slow metabolism.
You can spit poison.


Message History

Aim: amavritansky's ghost, wielding a vorpal weapon (moderately damaged)
The stone arrow hits amavritansky's ghost.
Amavritansky's ghost is heavily damaged.
You are feeling hungry.
Amavritansky's ghost hits you! Amavritansky's ghost hits you!
You climb upwards.
There is a stone staircase leading down here.
You start resting.
Eating one of 2 chunks of flesh.
You eat one of the 2 chunks of flesh.
This raw flesh tastes terrible.
Magic restored.
There is a stone staircase leading down here.
You climb downwards.
Level annotation: Edmund; amavritansky's ghost, amateur MiFi
There is a stone staircase leading up here.
All of the chunks of flesh in your inventory have rotted away.
b - 62 stones (gained 14)
Found a scale mail.
Found a ring mail, a leather armour and 17 arrows.
A howler monkey zombie comes into view.
There is an escape hatch in the floor here.
Amavritansky's ghost turns its malevolent gaze towards you.
The howler monkey zombie hits you. The howler monkey zombie hits you.
Amavritansky's ghost keens inconsolably.
The howler monkey zombie closely misses you.
The howler monkey zombie hits you. The howler monkey zombie hits you.
You see here 27 arrows.
The howler monkey zombie closely misses you.
Amavritansky's ghost closely misses you.
The howler monkey zombie barely misses you.
There is a stone staircase leading up here.
Amavritansky's ghost hits you!
You can't go up here!
Enter note: oops
Okay, then.
The howler monkey zombie hits you. Amavritansky's ghost hits you!
The howler monkey zombie hits you.
The howler monkey zombie hits you but does no damage.
Amavritansky's ghost barely misses you.
The howler monkey zombie barely misses you.
The howler monkey zombie closely misses you.
As you read the scroll labeled WEL SAC UPPEPS, it crumbles to dust.
It is a scroll of identify.
j - 4 scrolls of remove curse Amavritansky's ghost closely misses you.
The howler monkey zombie hits you.
You feel better.
Amavritansky's ghost hits you but does no damage.
The howler monkey zombie barely misses you.
The howler monkey zombie hits you but does no damage.
Amavritansky's ghost hits you. The howler monkey zombie hits you.
Amavritansky's ghost closely misses you.
The howler monkey zombie hits you.
Amavritansky's ghost closely misses you.
Amavritansky's ghost barely misses you. Amavritansky's ghost hits you!
* * * LOW HITPOINT WARNING * * *
x2 Amavritansky's ghost says very slowly, "There's no hope."
The howler monkey zombie barely misses you.
There is a stone staircase leading up here.
Are you sure you want to abandon this character and quit the game? (Confirm with "yes".)

###..####.........#
.......##.........#
######............#
#..#.........#
##...........#
###.........#
#.........#
#[.(....ZW#
#.......@.#
###########


You could see amavritansky's ghost and a howler monkey zombie.

Vanquished Creatures
  An ogre (D:4)
  A hound (D:4)
  A bullfrog skeleton (D:4)
  An orc priest (D:3)
  Jessica (D:2)
  Natasha (D:4)
  3 orc wizards (D:3)
  A worker ant (D:4)
  10 adders
  A worm (D:3)
  4 leopard geckos
  9 orcs (D:3)
  5 ball pythons (Sewer)
  3 giant cockroaches
  8 goblins
  9 hobgoblins
  15 jackals
  7 kobolds
  10 bats
  6 frilled lizards
  6 rats
  3 plants (Sewer)
106 creatures vanquished.

Notes
Turn   | Place    | Note
-------+----------+-------------------------------------------
     0 | D:1      | minmay the Naga Earth Elementalist began the quest for the Orb.
     0 | D:1      | Reached XP level 1. HP: 15/15 MP: 3/3
   190 | D:1      | Reached XP level 2. HP: 21/22 MP: 5/5
   603 | D:1      | Reached skill level 4 in Earth Magic
   746 | D:1      | Reached XP level 3. HP: 27/28 MP: 6/6
  1535 | D:2      | Reached XP level 4. HP: 36/36 MP: 7/7
  1536 | D:2      | Noticed Jessica
  1540 | D:2      | Killed Jessica
  1540 | D:2      | Reached skill level 5 in Earth Magic
  1572 | D:2      | Learned a level 3 spell: Stone Arrow
  1574 | D:2      | Learned a level 1 spell: Summon Small Mammal
  1989 | D:2      | Reached XP level 5. HP: 42/42 MP: 8/8
  2351 | D:3      | Found a sparkling altar of Nemelex Xobeh.
  2510 | D:3      | Reached skill level 6 in Earth Magic
  2649 | D:3      | Found a glowing drain.
  2775 | Sewer    | Entered a sewer
  3880 | D:3      | Reached XP level 6. HP: 37/49 MP: 9/9
  3974 | D:3      | Reached skill level 7 in Earth Magic
  4341 | D:4      | Noticed Edmund
  4452 | D:4      | Noticed amavritansky's ghost (amateur MiFi)
  4490 | D:4      | Found a blossoming altar of Fedhas.
  4541 | D:4      | Reached skill level 8 in Earth Magic
  4541 | D:4      | Reached XP level 7. HP: 38/55 MP: 6/10
  4552 | D:4      | Learned a level 5 spell: Lee's Rapid Deconstruction
  4561 | D:4      | Noticed Natasha
  4564 | D:4      | Killed Natasha
  4792 | D:4      | oops
  4801 | D:4      | HP: 1/55 [amavritansky's ghost (3)]
  4803 | D:4      | Quit the game

Vault maps used:
D:1:      evilmike_arrival_crescent, minmay_misc_feat_hallway, grunt_decor_cap
D:2:      uniq_jessica
D:3:      nemelex_xobeh_ov_fountains_minmay, cheibrodos_sewer_entry_bend,
          minmay_misc_feat_ornament
D:4:      overflow_temple_1_default, minmay_temple_entry_fiery,
          minmay_misc_feat_plants, serial_park_tiny_pond, serial_park_tiny_pond,
          minmay_surrounded, uniq_edmund, uniq_crazy_yiuf_cottage, uniq_natasha
Sewer:    sewer_co_scattered_pipes

Skill      XL: |  1  2  3  4  5  6 |
---------------+-------------------+-----
Earth Magic    | 4 5 6 8 |  8.0
Dodging        | |  1.5
Stealth        | |  3.0
Spellcasting   | |  2.0
Transmutations | |  1.0

Action                   |  1- 3 |  4- 6 |  7- 9 || total
-------------------------+-------+-------+-------++-------
Melee: Unarmed           |    12 |       |       ||    12
       Hand axe          |    22 |    23 |       ||    45
       Quarterstaff      |       |   177 |       ||   177
       Short sword       |       |    30 |       ||    30
 Cast: Sandblast         |     6 |    23 |     1 ||    30
       Summon Small Mamm |       |     2 |       ||     2
       Stone Arrow       |       |       |     5 ||     5
 Abil: Spit Poison       |    40 |    22 |       ||    62
  Use: Potion            |       |     1 |     1 ||     2
       Scroll            |       |       |     1 ||     1
 Stab: Sleeping          |     3 |     4 |       ||     7
  Eat: Chunk             |     4 |    11 |     1 ||    16
Armor: Robe              |    29 |    74 |     5 ||   108
Dodge: Dodged            |    61 |   138 |    13 ||   212

Table legend:
 A = Spawn XP
 B = Non-spawn XP
 C = Spawn XP percentage of total XP
 D = Spawn monster count
 E = Non-spawn monster count
 F = Spawn count percentage of total count
 G = Total turns spent on level
                    A         B        C        D         E        F      G
               +---------+---------+-------+---------+---------+-------+---------
         Total |       0 |     749 |   0.0 |       0 |     103 |   0.0 |  4803
               +---------+---------+-------+---------+---------+-------+---------
           D:1 |       0 |      40 |   0.0 |       0 |      22 |   0.0 |  1240
           D:2 |       0 |     139 |   0.0 |       0 |      27 |   0.0 |  1065
           D:3 |       0 |     204 |   0.0 |       0 |      22 |   0.0 |  1385
           D:4 |       0 |     289 |   0.0 |       0 |       7 |   0.0 |   227
         Sewer |       0 |      77 |   0.0 |       0 |      25 |   0.0 |   886
               +---------+---------+-------+---------+---------+-------+---------
